 Dungeon Crawl Stone Soup version 0.30-a0-937-ga0a21ad780 (webtiles) character file.

Game seed: 13105492577610130313

101 DeathPants the Sneak (level 4, -1/24 HPs)
             Began as a Vine Stalker Delver on Mar 24, 2023.
             Slain by Grinder (3 damage)
             ... on level 4 of the Dungeon.
             The game lasted 00:08:56 (2426 turns).

DeathPants the Sneak (Vine Stalker Delver)          Turns: 2426, Time: 00:08:56

Health: -1/24      AC:  4    Str: 15    XL:     4   Next: 75%
Magic:  0/5        EV: 12    Int: 10    God:
Gold:   207        SH:  0    Dex: 17    Spells: 3/3 levels left

rFire   . . .      SeeInvis .    a - +0 short sword
rCold   . . .      Faith    .    (no shield)
rNeg    . . .      Spirit   +    b - +0 leather armour
rPois   .          Reflect  .    (no helmet)
rElec   .          Rampage  .    (no cloak)
rCorr   .                        j - +0 pair of gloves
Will    .....                    (no boots)
Stlth   +++                      (no amulet)
HPRegen 1.04/turn                (no ring)
MPRegen 0.09/turn                (no ring)

@: mighty
A: fangs 2, regeneration 1, magic shield, antimagic bite, no potion heal 2
a: no special abilities


You were on level 4 of the Dungeon.
You visited 1 branch of the dungeon, and saw 7 of its levels.

You collected 207 gold pieces.

Inventory:

Hand Weapons
 a - a +0 short sword (weapon)
Missiles
 k - 7 boomerangs (quivered)
Armour
 b - a +0 leather armour (worn)
 j - a +0 pair of gloves (worn)
Wands
 g - a wand of digging (3)
Scrolls
 c - a scroll of fog
 d - a scroll of magic mapping
 l - a scroll of blinking {unknown}
 p - a scroll of fear
 q - a scroll of summoning {unknown}
 r - a scroll of acquirement {unknown}
Potions
 e - a potion of haste
 f - a potion of resistance
 i - a potion of mutation
 m - a potion of might
 n - a potion of curing
 o - a potion of lignification


   Skills:
 + Level 3.3 Fighting
 * Level 2.7 Short Blades
 + Level 2.3 Dodging
 + Level 6.6 Stealth


You had 3 spell levels left.
You didn't know any spells.
Your spell library contained the following spells:

 Spells                   Type           Power      Damage    Failure   Level
 Apportation              Tloc           0%         N/A       43%         1
 Necrotise                Necr           0%         1d4       43%         1
 Summon Small Mammal      Summ           0%         N/A       43%         1


Dungeon Overview and Level Annotations

Branches:
Dungeon (7/15)
 Temple: D:4-7

Altars:
Dithmenos
Uskayaw
Wu Jian
Zin

Shops:
D:3 *

Annotations:
D:4 Grinder


Innate Abilities, Weirdness & Mutations

You have extremely sharp teeth.
Your natural rate of healing is unusually fast.
When hurt, damage is shared between your health and your magic reserves.
Your bite disrupts and absorbs the magic of your enemies.
Potions cannot restore your health.


Message History

You climb downwards.
Found a potion of curing.
There is a stone staircase leading up here.
Found a stone staircase leading up.
The helpless Grinder fails to defend herself.
You impale Grinder!! You bite Grinder.
Grinder's magic leaks into the air.
You drain her magic.
Grinder is severely wounded.
Grinder hits you.
You hit Grinder. You bite Grinder.
Grinder's magic leaks into the air.
You drain her magic.
You feel invigorated.
Grinder is severely wounded.
Grinder falters for a moment.
You closely miss Grinder.
Grinder is severely wounded.
Grinder gestures at you. Pain shoots through your body!
You hit Grinder.
Grinder is almost dead.
Grinder says, "Don't move a muscle."
Grinder hits you but does no damage.
You barely miss Grinder.
Grinder is almost dead.
You hit Grinder.
Grinder is almost dead.
Grinder says, "Tell me all your secrets, or I'll kill you."
Grinder misses you.
You hit Grinder but do no damage.
Grinder is almost dead.
Grinder hits you.
You writhe in agony.
* * * LOW HITPOINT WARNING * * *
You hit Grinder but do no damage. You bite Grinder, but do no damage.
Grinder is almost dead.
Grinder hits you.
* * * LOW HITPOINT WARNING * * *
You writhe in agony.
* * * LOW HITPOINT WARNING * * *
You feel very mighty all of a sudden. Grinder hits you.
You die...

## ## ...# #..### ....#
#.....### ....##
#.....<### .....##
#..!.....### ......##
##.....@...# .......##
#.....5....#
........####...........#
...........#..........##
........)...........###
..................###
.........#####..<..
..........# ######
..........#


You could see Grinder (magic disrupted).

Vanquished Creatures
  2 adders (D:3)
  2 dart slugs
  2 worms (D:2)
  3 orcs (D:5)
  7 ball pythons
  8 bats
  8 endoplasms
  A giant cockroach (D:4)
  6 goblins (D:1)
  7 hobgoblins
  3 kobolds (D:1)
  3 quokkas
  6 frilled lizards
  8 rats
66 creatures vanquished.

Vanquished Creatures (others)
  4 fungi
4 creatures vanquished.

Grand Total: 70 creatures vanquished

Notes
Turn   | Place    | Note
-------+----------+-------------------------------------------
     0 | D:5      | DeathPants the Vine Stalker Delver began the quest for the
                  | Orb.
     0 | D:5      | Reached XP level 1. HP: 11/11 MP: 2/2
    51 | D:6      | Noticed an ogre
    55 | D:5      | Noticed a hound
    87 | D:6      | Noticed a kobold brigand
   144 | D:5      | Noticed an ice beast
   228 | D:5      | Noticed an orc priest
   228 | D:5      | Noticed an orc priest
   230 | D:5      | Noticed an orc priest
   230 | D:5      | Noticed an orc priest
   410 | D:5      | Reached XP level 2. HP: 16/16 MP: 3/3
   519 | D:4      | Noticed an ogre
   742 | D:3      | Reached XP level 3. HP: 7/20 MP: 2/4
  1202 | D:1      | Gained mutation: Your natural rate of healing is unusually
                  | fast. [Vine Stalker growth]
  1202 | D:1      | Reached XP level 4. HP: 22/24 MP: 5/5
  2209 | D:3      | Found a shadowy altar of Dithmenos.
  2210 | D:3      | Found a hide-covered altar of Uskayaw.
  2210 | D:3      | Found an ornate altar of the Wu Jian Council.
  2371 | D:3      | Found Zin's Purification Station.
  2373 | D:3      | Found a glowing silver altar of Zin.
  2415 | D:4      | Noticed Grinder
  2425 | D:4      | HP: 1/24 [Grinder (3)]
  2426 | D:4      | Slain by Grinder

Illustrated notes

Levels and vault maps discovered:
D:1:      scummos_arrival_simple_crosswalls, layout_rooms
D:2:      layout_loops_cross, minmay_tromino_v4_b
D:3:      layout_basic, gammafunk_temple_overflow_claw, zin_purify,
          goddamned_bats
D:4:      layout_cave_pods, serial_shops, shop, uniq_grinder, uniq_natasha
D:5:      kennysheep_steamy, layout_basic,
          minmay_temple_entry_statues_fountains, serial_shops,
          kennysheep_little_box, hex_medium
D:6:      layout_rooms, nicolae_hepliaklqana_monster_ancestors,
          lemuel_coloured_pillars_altar, serial_shops, shop_statue,
          dreamdust_mushroom_princess, st_stairs_7, supply_closet_lemuel
D:7:      nzn_winding_woodlands_cross [nzn_winding_woodlands_5x15_default,
          nzn_winding_woodlands_5x15_eye,
          nzn_winding_woodlands_5x15_split_checker,
          nzn_winding_woodlands_5x15_pool,
          nzn_winding_woodlands_15x15_boxy_spiral], layout_cave_pools,
          chequers_decorated_corner, uniq_maggie

Skill      XL: |  1  2 |
---------------+-------+-----
Short Blades   | 2 |  2.7
Fighting       | 3 |  3.3
Dodging        | 2 |  2.3
Stealth        | |  6.6

Action                     |  1- 3 |  4- 6 || total
---------------------------+-------+-------++-------
  Melee: Short sword       |   141 |    75 ||   216
         Bite              |    34 |    20 ||    54
         Punch             |     1 |       ||     1
    Use: Potion            |     1 |     1 ||     2
         Scroll            |     1 |     8 ||     9
   Stab: Sleeping          |     5 |     7 ||    12
 Armour: Leather armour    |    36 |    17 ||    53
  Dodge: Dodged            |    74 |    36 ||   110

Table legend: (Time is in decaauts)
 A = Elapsed time spent in this place.
 B = Non-inter-level travel time spent in this place.
 C = Inter-level travel time spent in this place.
 D = Time resting spent in this place.
 E = Time spent auto-exploring this place.
 F = Levels seen in this place.
 G = Mean time per level.
                   A        B        C        D        E       F      G
               +--------+--------+--------+--------+--------+-----+--------+
         Total |   2387 |   2342 |     45 |     50 |   1229 |   7 |  341.0 |
       Dungeon |   2387 |   2342 |     45 |     50 |   1229 |   7 |  341.0 |
               +--------+--------+--------+--------+--------+-----+--------+

Top non-repeatable levels by time:
     D:2: 716 daAuts
     D:1: 580 daAuts
     D:3: 420 daAuts
     D:5: 356 daAuts
     D:4: 226 daAuts
     D:6: 83 daAuts
     D:7: 3 daAuts
